[ AOE2 MATCH · #470661857 ]
UnrankedJapanese vs Romans
[ REPLAY ANALYSIS · EXTRACTED FROM THE RECORDED GAME ]
Feudal
—
Castle
7:33
Imperial
21:42
| APM avg | 12.4 |
| APM peak | 28 |
| eAPM avg | 10.0 |
| Villagers / military | 34 / 231 |
Focus
⚔️ 63.1% · 🌾 36.9%
Samurai ×184 · Spearman ×31 · Battering Ram ×7 · Trebuchet (Packed) ×5 · Mangonel ×3 · Monk ×1
Feudal
—
Castle
9:28
Imperial
24:03
| APM avg | 27.3 |
| APM peak | 80 |
| eAPM avg | 11.6 |
| Villagers / military | 83 / 200 |
Focus
⚔️ 44.5% · 🌾 55.5%
Spearman ×103 · Knight ×74 · Scorpion ×17 · Trade Cart ×4 · Archer ×2 · Trebuchet (Packed) ×2
Feudal
—
Castle
10:04
Imperial
27:26
| APM avg | 22.1 |
| APM peak | 46 |
| eAPM avg | 11.7 |
| Villagers / military | 97 / 295 |
Focus
⚔️ 40.2% · 🌾 59.8%
Militia ×181 · Scorpion ×54 · Trade Cart ×30 · Spearman ×26 · Knight ×22 · Trebuchet (Packed) ×7
Feudal
—
Castle
7:18
Imperial
22:46
| APM avg | 19.5 |
| APM peak | 44 |
| eAPM avg | 13.9 |
| Villagers / military | 95 / 335 |
Focus
⚔️ 45.4% · 🌾 54.6%
Knight ×132 · Spearman ×107 · Teutonic Knight ×60 · Scorpion ×16 · Trade Cart ×16 · Militia ×9
Match map
Initial resources + every placement click. Lines = walls · curves = elevation contours. ◆ gold · ⬟ stone · ● berries · ✦ relic · ◌ wall gap
Your base· Open — 15t gap
Lazordos's base· Open — 6t gap
Spongo's base· Open — 7t gap
DonHog's base· Open — 8t gap
Smoothed initial terrain · ◌ = detected wall gap · hover for details
Inputs per minute
— 07jriley - - Lazordos
Build order — 07jriley
First 150 of 372 actions detected
| 0:12 | Create | Villager (Male) |
| 0:13 | Create | Villager (Male) |
| 0:13 | Create | Villager (Male) |
| 0:13 | Create | Villager (Male) |
| 0:24 | Build | House |
| 0:43 | Build | Farm |
| 0:57 | Build | House |
| 1:07 | Build | Farm |
| 1:09 | Create | Spearman |
| 1:10 | Create | Spearman |
| 1:17 | Build | House |
| 1:22 | Build | House |
| 1:26 | Create | Villager (Male) |
| 1:32 | Build | Farm |
| 1:36 | Research | Double-Bit Axe |
| 1:57 | Build | Farm |
| 2:05 | Build | Palisade Wall |
| 2:10 | Create | Villager (Male) |
| 2:23 | Build | Farm |
| 2:39 | Build | Market |
| 2:43 | Create | Villager (Male) |
| 2:49 | Build | Farm |
| 2:56 | Create | Spearman |
| 2:56 | Create | Spearman |
| 3:13 | Build | Farm |
| 3:27 | Research | Town Watch |
| 3:47 | Create | Spearman |
| 3:54 | Create | Villager (Male) |
| 4:25 | Build | Farm |
| 4:28 | Create | Villager (Male) |
| 4:41 | Research | Castle Age |
| 5:02 | Build | Farm |
| 5:41 | Build | Mining Camp |
| 5:46 | Create | Villager (Male) |
| 5:47 | Create | Villager (Male) |
| 5:54 | Research | Scale Mail Armor |
| 6:23 | Build | House |
| 6:25 | Build | House |
| 6:29 | Build | House |
| 6:47 | Research | Stone Mining |
| 6:49 | Research | Gold Mining |
| 7:06 | Research | Forging |
| 7:33 | Age | Castle Age |
| 7:58 | Build | Castle |
| 8:07 | Build | Farm |
| 8:31 | Build | Farm |
| 8:37 | Create | Villager (Male) |
| 8:38 | Create | Villager (Male) |
| 8:49 | Research | Fletching |
| 8:59 | Research | Gold Shaft Mining |
| 9:36 | Build | Monastery |
| 9:48 | Research | Squires |
| 10:01 | Create | Samurai |
| 10:02 | Create | Samurai |
| 10:26 | Research | Wheelbarrow |
| 11:06 | Create | Monk |
| 11:33 | Create | Villager (Male) |
| 11:34 | Create | Villager (Male) |
| 11:34 | Create | Villager (Male) |
| 11:44 | Create | Samurai |
| 11:45 | Create | Samurai |
| 11:46 | Create | Samurai |
| 11:46 | Create | Samurai |
| 11:47 | Create | Samurai |
| 12:42 | Build | Farm |
| 12:44 | Research | Horse Collar |
| 12:47 | Create | Samurai |
| 12:47 | Create | Samurai |
| 12:47 | Create | Samurai |
| 12:48 | Create | Samurai |
| 12:48 | Create | Samurai |
| 12:48 | Create | Samurai |
| 12:49 | Create | Samurai |
| 12:49 | Create | Samurai |
| 12:49 | Create | Samurai |
| 12:49 | Create | Samurai |
| 13:05 | Research | Pikeman (upgrade) |
| 13:12 | Build | Farm |
| 13:16 | Create | Villager (Male) |
| 13:16 | Create | Villager (Male) |
| 13:24 | Build | Palisade Wall |
| 13:33 | Build | Building 796 |
| 13:54 | Create | Villager (Male) |
| 13:54 | Create | Villager (Male) |
| 14:03 | Build | Farm |
| 14:39 | Create | Villager (Male) |
| 14:40 | Create | Villager (Male) |
| 14:46 | Build | Farm |
| 14:50 | Research | Heavy Plow |
| 14:57 | Build | Farm |
| 14:59 | Create | Spearman |
| 15:06 | Create | Samurai |
| 15:07 | Create | Samurai |
| 15:08 | Create | Samurai |
| 15:18 | Build | Siege Workshop |
| 15:46 | Build | Farm |
| 15:56 | Build | Mining Camp |
| 16:11 | Create | Spearman |
| 16:11 | Create | Spearman |
| 16:11 | Create | Spearman |
| 16:12 | Create | Spearman |
| 16:12 | Create | Spearman |
| 17:35 | Research | Iron Casting |
| 18:01 | Build | Building 796 |
| 18:16 | Create | Battering Ram |
| 18:32 | Research | Imperial Age |
| 19:13 | Research | Arson |
| 19:19 | Create | Samurai |
| 19:19 | Create | Samurai |
| 19:19 | Create | Samurai |
| 19:19 | Create | Samurai |
| 19:20 | Create | Samurai |
| 19:20 | Create | Samurai |
| 19:20 | Create | Samurai |
| 20:28 | Create | Battering Ram |
| 20:32 | Research | Chain Mail Armor |
| 20:57 | Create | Samurai |
| 20:58 | Create | Samurai |
| 21:27 | Build | University |
| 21:32 | Create | Villager (Male) |
| 21:32 | Create | Villager (Male) |
| 21:32 | Create | Villager (Male) |
| 21:42 | Age | Imperial Age |
| 21:44 | Create | Trebuchet (Packed) |
| 22:06 | Research | Capped Ram (upgrade) |
| 22:13 | Research | Conscription |
| 22:23 | Build | Castle |
| 22:27 | Create | Samurai |
| 22:27 | Create | Samurai |
| 22:28 | Create | Samurai |
| 22:28 | Create | Samurai |
| 22:28 | Create | Samurai |
| 22:28 | Create | Samurai |
| 22:29 | Create | Samurai |
| 22:29 | Create | Samurai |
| 22:29 | Create | Samurai |
| 23:16 | Create | Samurai |
| 23:16 | Create | Samurai |
| 23:17 | Create | Samurai |
| 23:17 | Create | Samurai |
| 23:17 | Create | Samurai |
| 23:17 | Create | Samurai |
| 23:18 | Create | Samurai |
| 23:51 | Create | Samurai |
| 23:51 | Create | Samurai |
| 23:51 | Create | Samurai |
| 23:51 | Create | Samurai |
| 24:25 | Create | Spearman |
| 24:25 | Create | Spearman |
| 24:26 | Create | Spearman |
Build order — Lazordos
First 150 of 460 actions detected
| 0:26 | Build | Farm |
| 0:50 | Build | House |
| 0:56 | Create | Villager (Male) |
| 0:56 | Create | Villager (Male) |
| 0:57 | Create | Villager (Male) |
| 0:59 | Research | Wheelbarrow |
| 1:30 | Build | Archery Range |
| 1:40 | Create | Villager (Male) |
| 1:40 | Create | Villager (Male) |
| 1:51 | Build | Farm |
| 1:54 | Build | Farm |
| 2:23 | Build | House |
| 2:32 | Build | Market |
| 2:50 | Create | Villager (Male) |
| 2:54 | Build | Farm |
| 3:09 | Create | Villager (Male) |
| 4:08 | Create | Archer |
| 4:08 | Create | Archer |
| 4:13 | Build | Farm |
| 4:23 | Build | House |
| 4:26 | Build | House |
| 4:34 | Build | Mining Camp |
| 4:38 | Build | Farm |
| 5:08 | Build | Farm |
| 5:14 | Build | Farm |
| 5:36 | Build | Stable |
| 5:44 | Build | House |
| 6:48 | Research | Castle Age |
| 7:20 | Build | Building 487 |
| 7:49 | Build | Farm |
| 7:51 | Build | Farm |
| 7:52 | Build | Farm |
| 8:02 | Build | Mill |
| 8:08 | Build | Farm |
| 8:11 | Build | Farm |
| 8:14 | Build | Farm |
| 8:18 | Research | Double-Bit Axe |
| 8:26 | Research | Horse Collar |
| 9:14 | Build | Stable |
| 9:15 | Build | Stable |
| 9:28 | Age | Castle Age |
| 9:32 | Build | House |
| 9:33 | Build | House |
| 9:39 | Build | Town Center |
| 9:51 | Create | Knight |
| 9:51 | Create | Knight |
| 10:01 | Create | Spearman |
| 10:01 | Create | Spearman |
| 10:02 | Create | Spearman |
| 10:02 | Create | Spearman |
| 10:05 | Build | House |
| 10:06 | Build | House |
| 10:43 | Create | Spearman |
| 10:44 | Create | Spearman |
| 11:10 | Create | Spearman |
| 12:36 | Build | Town Center |
| 13:10 | Create | Villager (Male) |
| 13:11 | Create | Villager (Male) |
| 13:11 | Create | Villager (Male) |
| 13:11 | Create | Villager (Male) |
| 13:28 | Create | Spearman |
| 13:28 | Create | Spearman |
| 13:29 | Create | Spearman |
| 13:29 | Create | Spearman |
| 13:57 | Create | Villager (Male) |
| 13:58 | Create | Villager (Male) |
| 13:58 | Create | Villager (Male) |
| 14:12 | Build | Farm |
| 14:14 | Create | Villager (Male) |
| 14:14 | Create | Villager (Male) |
| 14:14 | Create | Villager (Male) |
| 14:42 | Research | Forging |
| 15:09 | Build | Town Center |
| 15:17 | Create | Villager (Male) |
| 15:17 | Create | Villager (Male) |
| 15:17 | Create | Villager (Male) |
| 15:17 | Create | Villager (Male) |
| 15:18 | Create | Villager (Male) |
| 15:18 | Create | Villager (Male) |
| 15:30 | Build | Farm |
| 15:31 | Create | Villager (Male) |
| 15:32 | Create | Villager (Male) |
| 15:36 | Create | Villager (Male) |
| 15:52 | Research | Gold Mining |
| 15:57 | Build | Farm |
| 16:00 | Research | Pikeman (upgrade) |
| 16:08 | Create | Villager (Male) |
| 16:08 | Create | Villager (Male) |
| 16:12 | Create | Villager (Male) |
| 16:13 | Create | Villager (Male) |
| 16:24 | Create | Villager (Male) |
| 16:24 | Create | Villager (Male) |
| 16:24 | Create | Villager (Male) |
| 16:25 | Create | Villager (Male) |
| 16:40 | Build | Barracks |
| 16:41 | Build | Barracks |
| 16:46 | Create | Spearman |
| 16:55 | Create | Villager (Male) |
| 16:55 | Create | Villager (Male) |
| 16:59 | Create | Villager (Male) |
| 17:02 | Build | Farm |
| 17:24 | Create | Villager (Male) |
| 17:25 | Create | Villager (Male) |
| 17:34 | Build | Lumber Camp |
| 17:36 | Create | Villager (Male) |
| 17:36 | Create | Villager (Male) |
| 17:45 | Create | Villager (Male) |
| 18:01 | Create | Spearman |
| 18:05 | Create | Villager (Male) |
| 18:06 | Create | Villager (Male) |
| 18:27 | Research | Bow Saw |
| 18:46 | Create | Villager (Male) |
| 18:49 | Research | Town Watch |
| 18:54 | Build | House |
| 18:55 | Build | House |
| 18:55 | Build | House |
| 18:56 | Build | House |
| 18:58 | Create | Villager (Male) |
| 19:17 | Build | Monastery |
| 19:22 | Build | Farm |
| 19:27 | Create | Villager (Male) |
| 19:28 | Create | Villager (Male) |
| 19:31 | Create | Villager (Male) |
| 19:36 | Build | Farm |
| 19:39 | Build | Farm |
| 20:26 | Build | University |
| 20:53 | Research | Imperial Age |
| 21:02 | Research | Husbandry |
| 21:06 | Create | Scout Cavalry |
| 21:10 | Create | Knight |
| 21:10 | Create | Knight |
| 21:11 | Create | Knight |
| 21:11 | Create | Knight |
| 21:24 | Research | Hand Cart |
| 21:28 | Research | Scale Mail Armor |
| 21:29 | Research | Iron Casting |
| 21:38 | Build | Farm |
| 21:47 | Build | Farm |
| 21:48 | Build | Farm |
| 21:50 | Build | Farm |
| 21:52 | Build | Farm |
| 21:53 | Build | Farm |
| 21:54 | Build | Farm |
| 22:03 | Build | Farm |
| 22:05 | Build | Farm |
| 22:08 | Build | Farm |
| 22:14 | Create | Villager (Male) |
| 22:14 | Create | Villager (Male) |
| 22:22 | Build | Farm |
| 22:23 | Build | Farm |
Build order — Spongo
First 150 of 417 actions detected
| 0:06 | Create | Villager (Male) ×4 |
| 0:19 | Build | Watch Tower |
| 0:23 | Build | House |
| 0:24 | Build | House |
| 0:25 | Build | House |
| 0:28 | Build | House |
| 0:40 | Build | Stable |
| 1:10 | Create | Villager (Male) |
| 1:10 | Create | Villager (Male) |
| 1:11 | Create | Villager (Male) |
| 1:11 | Create | Villager (Male) |
| 1:11 | Create | Villager (Male) |
| 1:49 | Build | Stone Wall |
| 2:04 | Build | Mining Camp |
| 2:25 | Create | Spearman |
| 2:25 | Create | Spearman |
| 2:26 | Create | Spearman |
| 2:26 | Create | Spearman |
| 2:39 | Build | House |
| 2:40 | Build | House |
| 2:45 | Build | Palisade Wall |
| 2:50 | Build | Palisade Gate |
| 3:06 | Create | Villager (Male) |
| 3:06 | Create | Villager (Male) |
| 3:07 | Create | Villager (Male) |
| 3:07 | Create | Villager (Male) |
| 3:11 | Build | Farm |
| 3:13 | Build | Farm |
| 3:14 | Build | Farm |
| 3:25 | Create | Scout Cavalry |
| 4:12 | Create | Villager (Male) |
| 4:24 | Build | Market |
| 4:30 | Create | Villager (Male) |
| 4:33 | Build | Farm |
| 4:34 | Build | Farm |
| 4:36 | Build | Farm |
| 4:37 | Build | Farm |
| 4:39 | Build | Farm |
| 4:44 | Build | Farm |
| 4:48 | Build | Farm |
| 4:50 | Build | Farm |
| 4:51 | Build | Farm |
| 5:28 | Build | Stone Wall |
| 5:44 | Build | Farm |
| 5:47 | Build | Farm |
| 5:51 | Build | Farm |
| 6:32 | Create | Villager (Male) |
| 6:32 | Create | Villager (Male) |
| 6:32 | Create | Villager (Male) |
| 6:53 | Build | Farm |
| 6:54 | Build | Farm |
| 7:22 | Research | Castle Age |
| 7:30 | Research | Scale Barding Armor |
| 7:38 | Build | Farm |
| 7:57 | Build | Watch Tower |
| 8:14 | Build | House |
| 8:15 | Build | House |
| 8:21 | Build | Stone Wall |
| 8:27 | Build | Building 490 |
| 8:36 | Create | Villager (Male) |
| 8:37 | Create | Villager (Male) |
| 8:37 | Create | Villager (Male) |
| 8:38 | Create | Villager (Male) |
| 8:38 | Create | Villager (Male) |
| 8:38 | Create | Villager (Male) |
| 8:38 | Create | Villager (Male) |
| 8:39 | Create | Villager (Male) |
| 9:12 | Build | Lumber Camp |
| 9:22 | Build | Farm |
| 9:25 | Build | Farm |
| 9:39 | Build | Stable |
| 9:58 | Build | Farm |
| 10:04 | Age | Castle Age |
| 10:09 | Create | Knight |
| 10:09 | Create | Knight |
| 10:10 | Create | Knight |
| 10:11 | Create | Knight |
| 10:11 | Create | Knight |
| 10:18 | Research | Pikeman (upgrade) |
| 10:19 | Create | Spearman |
| 10:19 | Create | Spearman |
| 10:20 | Create | Spearman |
| 10:38 | Create | Knight |
| 10:38 | Create | Knight |
| 10:39 | Create | Knight |
| 10:39 | Create | Knight |
| 10:40 | Create | Knight |
| 10:48 | Build | Siege Workshop |
| 11:23 | Research | Man-at-Arms (upgrade) |
| 11:30 | Create | Militia |
| 11:31 | Create | Militia |
| 11:31 | Create | Militia |
| 11:43 | Build | Stable |
| 11:48 | Build | Barracks |
| 12:38 | Create | Militia |
| 12:40 | Create | Militia |
| 12:44 | Research | Long Swordsman (upgrade) |
| 12:45 | Create | Militia |
| 12:46 | Create | Militia |
| 12:47 | Create | Militia |
| 12:47 | Create | Militia |
| 12:56 | Create | Villager (Male) |
| 12:56 | Create | Villager (Male) |
| 13:10 | Build | Town Center |
| 13:21 | Build | House |
| 13:22 | Build | House |
| 13:23 | Build | House |
| 13:35 | Research | Forging |
| 13:40 | Research | Scale Mail Armor |
| 14:00 | Build | House |
| 14:01 | Build | House |
| 14:06 | Create | Villager (Male) |
| 14:07 | Create | Villager (Male) |
| 14:07 | Create | Villager (Male) |
| 14:07 | Create | Villager (Male) |
| 14:08 | Create | Villager (Male) |
| 14:08 | Create | Villager (Male) |
| 14:39 | Create | Scorpion |
| 14:40 | Create | Scorpion |
| 14:40 | Create | Scorpion |
| 15:25 | Create | Villager (Male) |
| 15:25 | Create | Villager (Male) |
| 15:25 | Create | Villager (Male) |
| 15:25 | Create | Villager (Male) |
| 15:26 | Create | Villager (Male) |
| 15:26 | Create | Villager (Male) |
| 15:30 | Build | Farm |
| 15:32 | Build | Farm |
| 15:34 | Build | Farm |
| 17:34 | Build | House |
| 17:34 | Build | House |
| 17:36 | Build | House |
| 17:40 | Create | Villager (Male) |
| 17:40 | Create | Villager (Male) |
| 17:40 | Create | Villager (Male) |
| 17:40 | Create | Villager (Male) |
| 17:41 | Create | Villager (Male) |
| 17:41 | Create | Villager (Male) |
| 17:41 | Create | Villager (Male) |
| 17:47 | Create | Villager (Male) |
| 17:47 | Create | Villager (Male) |
| 17:47 | Create | Villager (Male) |
| 17:47 | Create | Villager (Male) |
| 17:53 | Build | Farm |
| 17:55 | Build | Farm |
| 17:56 | Build | Farm |
| 17:57 | Build | Farm |
| 18:02 | Create | Scorpion |
| 18:02 | Create | Scorpion |
| 18:03 | Create | Scorpion |
Build order — DonHog
First 150 of 510 actions detected
| 0:03 | Create | Villager (Male) |
| 0:03 | Create | Villager (Male) |
| 0:04 | Create | Villager (Male) |
| 0:05 | Create | Villager (Male) |
| 0:22 | Build | House |
| 0:26 | Build | Archery Range |
| 0:57 | Build | House |
| 1:00 | Build | House |
| 1:05 | Build | Mining Camp |
| 1:08 | Create | Villager (Male) |
| 1:08 | Create | Villager (Male) |
| 1:58 | Build | Watch Tower |
| 2:07 | Create | Villager (Male) |
| 2:08 | Create | Villager (Male) |
| 2:16 | Build | Farm |
| 2:17 | Build | Farm |
| 2:18 | Build | Farm |
| 2:19 | Build | Farm |
| 2:22 | Research | Double-Bit Axe |
| 3:19 | Create | Villager (Male) |
| 3:19 | Create | Villager (Male) |
| 3:47 | Build | House |
| 3:51 | Build | House |
| 3:57 | Create | Villager (Male) |
| 3:58 | Create | Villager (Male) |
| 4:25 | Research | Castle Age |
| 4:37 | Build | Stable |
| 4:42 | Build | Stable |
| 4:53 | Create | Villager (Male) |
| 4:53 | Create | Villager (Male) |
| 5:00 | Build | Farm |
| 5:00 | Build | Farm |
| 5:01 | Build | Farm |
| 5:01 | Build | Farm |
| 5:02 | Build | Farm |
| 5:30 | Build | Farm |
| 5:42 | Research | Horse Collar |
| 5:46 | Research | Gold Mining |
| 6:55 | Research | Bloodlines |
| 6:57 | Research | Scale Barding Armor |
| 6:58 | Research | Forging |
| 7:11 | Build | Farm |
| 7:12 | Build | Farm |
| 7:13 | Build | Farm |
| 7:14 | Build | Farm |
| 7:15 | Build | Farm |
| 7:18 | Age | Castle Age |
| 7:20 | Create | Knight |
| 7:20 | Create | Knight |
| 7:21 | Create | Knight |
| 7:21 | Create | Knight |
| 7:21 | Create | Knight |
| 7:49 | Create | Villager (Male) |
| 7:50 | Create | Villager (Male) |
| 8:08 | Create | Knight |
| 8:35 | Create | Villager (Male) |
| 8:35 | Create | Villager (Male) |
| 8:37 | Create | Knight |
| 8:38 | Create | Knight |
| 9:03 | Create | Knight |
| 9:09 | Create | Villager (Male) |
| 9:10 | Create | Villager (Male) |
| 10:19 | Create | Villager (Male) |
| 10:19 | Create | Villager (Male) |
| 10:37 | Build | Town Center |
| 10:41 | Build | Mill |
| 10:57 | Research | Iron Casting |
| 11:08 | Build | Monastery |
| 11:32 | Create | Villager (Male) |
| 11:33 | Create | Villager (Male) |
| 11:33 | Create | Villager (Male) |
| 12:10 | Research | Man-at-Arms (upgrade) |
| 12:12 | Research | Squires |
| 12:17 | Create | Militia |
| 12:17 | Create | Militia |
| 12:18 | Create | Militia |
| 12:23 | Create | Villager (Male) |
| 12:28 | Build | Farm |
| 12:30 | Create | Monk |
| 12:51 | Create | Villager (Male) |
| 12:52 | Create | Villager (Male) |
| 12:52 | Create | Villager (Male) |
| 13:07 | Research | Wheelbarrow |
| 13:08 | Research | Town Watch |
| 13:09 | Create | Villager (Male) |
| 13:09 | Create | Villager (Male) |
| 13:09 | Create | Villager (Male) |
| 13:26 | Research | Pikeman (upgrade) |
| 13:26 | Research | Long Swordsman (upgrade) |
| 13:27 | Create | Spearman |
| 13:27 | Create | Spearman |
| 13:28 | Create | Spearman |
| 13:28 | Create | Militia |
| 13:40 | Build | Barracks |
| 13:57 | Build | House |
| 13:58 | Build | House |
| 14:01 | Build | House |
| 14:31 | Build | Castle |
| 15:01 | Create | Militia |
| 15:01 | Create | Militia |
| 15:01 | Create | Militia |
| 15:02 | Create | Spearman |
| 15:02 | Create | Spearman |
| 15:02 | Create | Spearman |
| 15:12 | Build | Farm |
| 15:13 | Build | Farm |
| 15:13 | Build | Farm |
| 15:14 | Build | Farm |
| 15:14 | Build | Farm |
| 15:15 | Build | Farm |
| 15:15 | Build | Farm |
| 15:16 | Build | Farm |
| 15:17 | Create | Villager (Male) |
| 15:19 | Create | Villager (Male) |
| 15:19 | Create | Villager (Male) |
| 15:19 | Create | Villager (Male) |
| 15:24 | Research | Hand Cart |
| 15:42 | Create | Spearman |
| 15:43 | Create | Militia |
| 15:44 | Create | Militia |
| 15:45 | Create | Spearman |
| 15:47 | Create | Villager (Male) |
| 16:13 | Create | Villager (Male) |
| 16:13 | Create | Villager (Male) |
| 16:14 | Create | Villager (Male) |
| 16:15 | Create | Villager (Male) |
| 16:18 | Build | Farm |
| 16:19 | Build | Farm |
| 16:21 | Build | Farm |
| 16:30 | Build | Mill |
| 16:37 | Build | University |
| 16:49 | Build | Market |
| 17:33 | Build | Building 665 |
| 17:38 | Build | House |
| 17:40 | Build | House |
| 17:43 | Build | House |
| 17:47 | Build | House |
| 17:57 | Build | House |
| 18:02 | Build | House |
| 18:03 | Build | House |
| 18:04 | Build | House |
| 18:06 | Build | House |
| 18:08 | Build | House |
| 18:18 | Create | Villager (Male) |
| 18:18 | Create | Villager (Male) |
| 18:19 | Create | Villager (Male) |
| 18:19 | Create | Villager (Male) |
| 18:19 | Create | Villager (Male) |
| 18:20 | Create | Villager (Male) |
| 18:49 | Research | Bow Saw |
Match timeline
| 0:26 | DonHog · first_building Archery Range |
| 0:40 | Spongo · first_building Stable |
| 1:30 | Lazordos · first_building Archery Range |
| 1:49 | Spongo · wall_segment Stone Wall x16 |
| 2:05 | 07jriley · wall_segment Palisade Wall x3 |
| 2:45 | Spongo · wall_segment Palisade Wall x6 |
| 4:33 | 07jriley · first_market_buy 100 food |
| 4:37 | DonHog · first_building Stable |
| 5:28 | Spongo · wall_segment Stone Wall x13 |
| 5:36 | Lazordos · first_building Stable |
| 7:18 | DonHog · age_up castle |
| 7:33 | 07jriley · age_up castle |
| 7:43 | 07jriley · first_market_sell 100 wood |
| 7:58 | 07jriley · first_building Castle |
| 8:21 | Spongo · wall_segment Stone Wall x11 |
| 9:28 | Lazordos · age_up castle |
| 9:36 | 07jriley · first_building Monastery |
| 10:04 | Spongo · age_up castle |
| 10:48 | Spongo · first_building Siege Workshop |
| 11:08 | DonHog · first_building Monastery |
| 11:48 | Spongo · first_building Barracks |
| 13:24 | 07jriley · wall_segment Palisade Wall x10 |
| 13:40 | DonHog · first_building Barracks |
| 14:31 | DonHog · first_building Castle |
| 15:18 | 07jriley · first_building Siege Workshop |
| 16:40 | Lazordos · first_building Barracks |
| 18:57 | Spongo · first_building Castle |
| 19:17 | Lazordos · first_building Monastery |
| 19:32 | DonHog · first_market_sell 100 food |
| 20:55 | DonHog · first_building Siege Workshop |
| 21:42 | 07jriley · age_up imperial |
| 22:19 | Spongo · first_market_sell 100 wood |
| 22:46 | DonHog · age_up imperial |
| 24:03 | Lazordos · age_up imperial |
| 25:25 | Spongo · first_building Monastery |
| 26:05 | Lazordos · first_building Castle |
| 27:26 | Spongo · age_up imperial |
| 31:15 | Spongo · wall_segment Stone Wall x8 |
| 34:16 | Lazordos · first_building Siege Workshop |
| 34:50 | 07jriley · wall_segment Palisade Wall x1 |
| 41:35 | DonHog · wall_segment Stone Wall x12 |
| 41:43 | DonHog · wall_segment Stone Wall x15 |
| 41:50 | DonHog · wall_segment Stone Wall x6 |
| 41:55 | DonHog · wall_segment Stone Wall x3 |
| 46:05 | DonHog · wall_segment Stone Wall x1 |
| 51:02 | DonHog · wall_segment Stone Wall x7 |
| 51:48 | DonHog · wall_segment Stone Wall x7 |
| 53:05 | 07jriley · resign |
[ AI ANALYSIS · 1 CREDIT ]
What really happened in this match?
Wolo.gg analyzes every decision: build order, eco, micro, common mistakes by bracket. Personalized analysis on WhatsApp or Discord in 30 seconds.
Civ guide
Japanese
Perfil
Jugador #2575150